 Dungeon Crawl Stone Soup version 0.30-a0-778-g2ef04afb54 (console) character file.

Game seed: 7180731287946279471

11986 rlgrobin the Fighter (level 12, -9/112 HPs)
             Began as a Meteoran Fighter on Feb 17, 2023.
             Was an Initiate of Yredelemnul.
             Mangled by a death yak (17 damage)
             ... on level 3 of the Lair of Beasts.
             The game lasted 00:14:13 (2318 turns).

rlgrobin the Fighter (Meteoran Fighter)             Turns: 2318, Time: 00:14:14

Health: -9/112     AC: 14    Str: 20    XL:     12   Next: 42%
Magic:  16/20      EV: 22    Int: 11    God:    Yredelemnul [......]
Gold:   154        SH:  5    Dex: 16    Spells: 11/11 levels left

rFire   . . .      SeeInvis .    a - +5 dagger (elec)
rCold   . . .      Faith    .    c - +0 buckler
rNeg    . . .      Spirit   .    b - +0 scale mail
rPois   .          Reflect  .    (no helmet)
rElec   .          Harm     .    (no cloak)
rCorr   .          Rampage  .    y - +1 pair of gloves {Stlth+}
Will    +....                    p - +2 pair of boots
Stlth   +                        D - amulet of regeneration
HPRegen 1.18/turn                d - +5 ring of evasion
MPRegen 0.17/turn                t - +5 ring of evasion

@: mighty, glowing
A: sense surroundings 2, otherworldly, glowing, explore regen
a: Renounce Religion, Recall Undead Harvest


You were on level 3 of the Lair of Beasts.
You worshipped Yredelemnul.
Yredelemnul was aware of your devotion.
You visited 2 branches of the dungeon, and saw 12 of its levels.
You also visited: Ossuary.

You collected 335 gold pieces.
You spent 181 gold pieces at shops.

Inventory:

Hand Weapons
 a - a +5 dagger of electrocution (weapon)
 s - a +0 war axe
Missiles
 B - 2 throwing nets (quivered)
Armour
 b - a +0 scale mail (worn)
 c - a +0 buckler (worn)
 p - a +2 pair of boots (worn)
 y - a +1 pair of gloves of stealth (worn)
Jewellery
 d - a +5 ring of evasion (left hand)
 m - a +6 ring of strength
 r - a ring of fire
 t - a +5 ring of evasion (right hand)
 z - a ring of protection from fire
 D - an amulet of regeneration (around neck)
Wands
 k - a wand of paralysis (5)
Scrolls
 e - a scroll of poison
 f - 3 scrolls of fear
 h - 2 scrolls of blinking
 n - 2 scrolls of teleportation
 A - a scroll of brand weapon {unknown}
Potions
 g - a potion of cancellation
 j - 3 potions of curing
 l - 3 potions of flight
 o - a potion of ambrosia {unknown}
 q - a potion of lignification {unknown}
 u - 2 potions of magic {unknown}
 v - 4 potions of attraction
 w - 2 potions of haste {unknown}
 x - a potion of brilliance {unknown}


   Skills:
 + Level 11.9 Fighting
 - Level 9.0 Short Blades
 - Level 5.4 Axes
 - Level 8.3 Armour
 + Level 5.4 Dodging
 - Level 3.6 Shields
 - Level 10.1 Invocations
 - Level 6.7 Evocations


You had 11 spell levels left.
You didn't know any spells.
Your spell library contained the following spells:

 Spells                   Type           Power      Damage    Failure   Level
 Lesser Beckoning         Tloc           0%         N/A       86%         2
 Sublimation of Blood     Necr           0%         N/A       86%         2
 Wereblood                Tmut           0%         N/A       86%         2
 Gell's Gravitas          Tloc           0%         N/A       98%         3
 Portal Projectile        Hex/Tloc       0%         N/A       98%         3
 Teleport Other           Tloc           0%         N/A       98%         3
 Tukima's Dance           Hex            0%         N/A       98%         3
 Blade Hands              Tmut           0%         N/A       100%        5
 Summon Hydra             Summ           0%         N/A       100%        7


Dungeon Overview and Level Annotations

Branches:
Dungeon (8/15) Zot: 3475     Lair (4/5) D:8 Zot: 1757  Shoals (0/4) Lair:3
 Spider (0/4) Lair:3      Ossuary (visited)
 Temple: D:4-7        Slime: Lair:4-5

Altars:
Cheibriados
Elyvilon
Sif Muna
Yredelemnul
The Shining One

Shops:
D:8 [


Innate Abilities, Weirdness & Mutations

You passively map the area around you.
You are easily found by Zot.
You glow in the dark.
You regain HP and MP as you explore.


Message History

* * * LOW HITPOINT WARNING * * *
The death yak closely misses you.
The death yak gores you but does no damage.
Your water moccasin zombie bites the cane toad.
You puncture the death yak!
The death yak is heavily wounded.
Your phantasmal warrior hits the death yak!!
The death yak's willpower is stripped away!
You block the death yak's attack.
The death yak gores you but does no damage.
The death yak misses you.
You puncture the death yak!
The death yak is severely wounded.
Your water moccasin zombie closely misses the cane toad.
You hit the death yak.
The death yak is severely wounded.
Your phantasmal warrior hits the death yak!!
The death yak gores you but does no damage.
The death yak completely misses you.
The death yak gores you but does no damage.
Your water moccasin zombie misses the cane toad.
You hit the death yak.
The death yak is severely wounded.
Your phantasmal warrior barely misses the death yak.
You feel much better.
Your water moccasin zombie barely misses the cane toad.
The death yak completely misses you. The death yak gores you!
* * * LOW HITPOINT WARNING * * *
The death yak barely misses you.
Your water moccasin zombie bites the death yak.
Your phantasmal warrior hits the death yak!!!
The death yak dies!
Your Dodging skill increases to level 5!
You hit the death yak but do no damage.
The death yak is severely wounded.
The death yak gores you!
* * * LOW HITPOINT WARNING * * *
The death yak gores you!
You die...
Your body rises from the dead as a mindless zombie.

#..........#
*#.........#
#......... *
#........# *
#........##
#.........#
#.....Z.F#
#......YY##
##.......Y@#
#.......WY##
#.........#
##........#
##........#
##.........#
#.#........#
#.........#
##........#


You could see 4 death yaks, a cane toad, a friendly phantasmal warrior
(summoned) and a friendly water moccasin zombie.

Vanquished Creatures
  A hydra (Lair:2)
  A death yak (Lair:3)
  2 harpies (Lair:3)
  4 elephants
  A black mamba (Lair:1)
  2 cane toads (Lair:1)
  A rime drake (Lair:1)
  7 blink frogs
  6 yaks
  A basilisk (Lair:1)
  A wyvern (Lair:3)
  2 wargs (D:8)
  4 water moccasins
  An orc warrior (D:8)
  An ice beast (D:7)
  A kobold brigand (D:8)
  4 bullfrogs
  A scorpion (Lair:3)
  A necrophage (D:8)
  An orc priest (D:8)
  A jelly (D:5)
  A gnoll bouda (D:6)
  Terence (D:2)
  3 orc wizards
  9 mummies
  5 gnolls (D:6)
  A white imp (D:5)
  2 worms (Lair:3)
  A dart slug (D:4)
  5 orcs
  4 ball pythons
  2 giant cockroaches (D:1)
  2 goblins
  4 hobgoblins
  3 jackals (D:1)
  3 quokkas
  A bat (D:1)
  A gnoll zombie (Ossuary)
  3 hobgoblin zombies (Ossuary)
  3 kobolds
  3 kobold zombies (Ossuary)
  An orc zombie (Ossuary)
  2 rats (D:1)
104 creatures vanquished.

Vanquished Creatures (collateral kills)
  A death yak (Lair:3)
  A torpor snail (Lair:3)
  A cane toad (Lair:3)
  A komodo dragon (Lair:1)
  5 blink frogs (Lair:3)
  3 yaks (Lair:1)
  2 water moccasins (Lair:3)
  An ice beast (D:8)
  A bullfrog (Lair:1)
  3 scorpions (Lair:3)
  An orc wizard (D:8)
  An orc zombie (D:8)
  A worm (Lair:3)
  A giant cockroach (Lair:3)
23 creatures vanquished.

Vanquished Creatures (others)
  A spectral death yak (Lair:3)
  A water moccasin zombie (Lair:3)
  A wyvern zombie (Lair:3)
  A warg zombie (D:8)
  A yak zombie (D:8)
  3 scorpion zombies (Lair:3)
  4 fungi
  8 plants
20 creatures vanquished.

Grand Total: 147 creatures vanquished

Notes
Turn   | Place    | Note
-------+----------+-------------------------------------------
     0 | D:1      | rlgrobin the Meteoran Fighter began the quest for the Orb.
     0 | D:1      | Reached XP level 1. HP: 19/19 MP: 2/2
   189 | D:1      | Reached XP level 2. HP: 26/26 MP: 3/3
   327 | D:1      | Reached XP level 3. HP: 31/31 MP: 4/4
   366 | D:2      | Noticed Terence
   374 | D:2      | Killed Terence
   375 | D:2      | Reached XP level 4. HP: 24/38 MP: 5/5
   601 | D:3      | Reached skill level 5 in Axes
   691 | D:4      | Reached XP level 5. HP: 45/45 MP: 6/6
   716 | D:5      | Entered Level 5 of the Dungeon
   731 | D:5      | Reached skill level 1 in Short Blades
   804 | D:5      | Found a sand-covered staircase.
   816 | Ossuary  | Entered an ossuary
   891 | Ossuary  | Reached XP level 6. HP: 38/51 MP: 7/7
  1137 | D:6      | Reached skill level 5 in Short Blades
  1137 | D:6      | Reached XP level 7. HP: 55/57 MP: 8/8
  1195 | D:7      | Found a basalt altar of Yredelemnul.
  1204 | D:7      | Reached skill level 4 in Fighting
  1215 | D:7      | Became a worshipper of Yredelemnul the Dark
  1251 | D:8      | Found Ceynk's Armour Boutique.
  1262 | D:8      | Bought a +1 pair of gloves of stealth for 181 gold pieces
  1316 | D:8      | Noticed a warg
  1316 | D:8      | Noticed a yak
  1317 | D:8      | Noticed a yak
  1317 | D:8      | Noticed a yak
  1317 | D:8      | Noticed a yak
  1317 | D:8      | Noticed a warg
  1318 | D:8      | Found a staircase to the Lair.
  1343 | D:8      | Killed a warg
  1344 | D:8      | Reached skill level 5 in Armour
  1344 | D:8      | Reached XP level 8. HP: 41/67 MP: 9/9
  1349 | D:8      | Killed a yak
  1349 | D:8      | Reached * piety under Yredelemnul
  1350 | D:8      | Reached skill level 5 in Fighting
  1373 | D:8      | Killed a yak
  1374 | D:8      | Reached skill level 6 in Fighting
  1386 | D:8      | Killed a yak
  1387 | D:8      | Gained mutation: You passively map the area around you.
                  | [Meteoran growth]
  1387 | D:8      | Reached XP level 9. HP: 27/78 MP: 10/10
  1389 | D:8      | Reached skill level 7 in Fighting
  1393 | D:8      | Reached ** piety under Yredelemnul
  1460 | D:8      | Found a shimmering blue altar of Sif Muna.
  1460 | D:8      | Found a white marble altar of Elyvilon.
  1480 | D:8      | Reached skill level 1 in Invocations
  1545 | D:8      | Found a snail-covered altar of Cheibriados.
  1545 | D:8      | Found a glowing golden altar of the Shining One.
  1570 | Lair:1   | Entered Level 1 of the Lair of Beasts
  1570 | Lair:1   | Noticed a rime drake
  1604 | Lair:1   | Noticed a blink frog
  1612 | Lair:1   | Killed a rime drake
  1613 | Lair:1   | Reached skill level 8 in Fighting
  1635 | Lair:1   | Noticed a blink frog
  1636 | Lair:1   | Noticed a blink frog
  1650 | Lair:1   | Reached skill level 5 in Invocations
  1650 | Lair:1   | Reached XP level 10. HP: 59/90 MP: 14/14
  1654 | Lair:1   | Reached skill level 9 in Fighting
  1683 | Lair:1   | Reached skill level 10 in Fighting
  1699 | Lair:1   | Noticed a cane toad
  1708 | Lair:1   | Killed a cane toad
  1708 | Lair:1   | Reached *** piety under Yredelemnul
  1719 | Lair:1   | Noticed a black mamba
  1726 | Lair:1   | Killed a black mamba
  1729 | Lair:1   | Noticed a komodo dragon
  1735 | Lair:1   | Killed a komodo dragon
  1772 | Lair:2   | Noticed an elephant
  1775 | Lair:2   | Noticed an elephant
  1785 | Lair:1   | Noticed a cane toad
  1803 | Lair:1   | Killed an elephant
  1804 | Lair:1   | Reached XP level 11. HP: 68/101 MP: 17/19
  1824 | Lair:1   | Reached skill level 10 in Invocations
  1869 | Lair:2   | Noticed a five-headed hydra
  1881 | Lair:2   | Killed a five-headed hydra
  1903 | Lair:2   | Noticed an elephant
  1903 | Lair:2   | Noticed an elephant
  1928 | Lair:2   | Killed an elephant
  1948 | Lair:2   | Killed an elephant
  1957 | Lair:2   | Killed an elephant
  1958 | Lair:2   | Reached skill level 5 in Evocations
  1973 | Lair:2   | You fall into a shaft and drop 2 floors!
  1992 | Lair:3   | Noticed a harpy
  1992 | Lair:3   | Noticed a harpy
  1992 | Lair:3   | Found a staircase to the Shoals.
  1998 | Lair:3   | Killed a harpy
  2011 | Lair:3   | Killed a harpy
  2031 | Lair:3   | Found a hole to the Spider Nest.
  2046 | Lair:3   | Reached **** piety under Yredelemnul
  2158 | Lair:3   | Reached skill level 1 in Dodging
  2158 | Lair:3   | Reached XP level 12. HP: 108/108 MP: 20/20
  2190 | Lair:3   | Reached skill level 11 in Fighting
  2193 | Lair:3   | Noticed a death yak
  2202 | Lair:3   | Killed a death yak
  2246 | Lair:3   | Reached ***** piety under Yredelemnul
  2273 | Lair:3   | Noticed a death yak
  2274 | Lair:3   | Noticed a death yak
  2274 | Lair:3   | Noticed a death yak
  2275 | Lair:3   | Noticed a death yak
  2275 | Lair:3   | Noticed a death yak
  2276 | Lair:3   | Noticed a death yak
  2287 | Lair:3   | Killed a death yak
  2287 | Lair:3   | Enslaved a death yak
  2317 | Lair:3   | Killed a death yak
  2318 | Lair:3   | Reached skill level 5 in Dodging
  2318 | Lair:3   | Mangled by a death yak

Illustrated notes

Levels and vault maps discovered:
D:1:      sevenhm_arrival_forest_fort_large_2, layout_loops_corners
D:2:      layout_basic, roderic_lattice_a, uniq_terence
D:3:      layout_basic
D:4:      layout_basic, minitemple, chequers_serial_rivers_room_b
D:5:      layout_loops_ring, nicolae_ossuary_entry_giza, uniq_menkaure
D:6:      layout_loops_ring, mainiacjoe_overflow_24_doors, uniq_prince_ribbit1
D:7:      layout_loops_ring, yredelemnul_altar_generic, lemuel_temple_firewalk_b
D:8:      layout_loops_cross, nicolae_gozag_cash_rules_everything_around_me,
          gammafunk_temple_overflow_pools, gammafunk_temple_overflow_elements,
          erik_lair_orcish_takeover, serial_shops, kennysheep_mini, shop_statue,
          nicolae_stop_n_shop_1
Lair:1:   layout_regular_city
Lair:2:   layout_cave_pods, gammafunk_ghost_abyssal_escape,
          chequers_serial_rivers_micro_a, minmay_lair_oklob_items
Lair:3:   layout_big_grid, nicolae_shoals_entry_roost,
          nicolae_spider_entry_non_spiders, st_stairs_12
Lair:4:   layout_regular_city

Skill      XL: |  1  2  3  4  5  6  7  8  9 10 11 12 |
---------------+-------------------------------------+-----
Axes           | 3 4 5 |  5.4
Short Blades   | 3 5 9 |  9.0
Armour         | 5 7 8 |  8.3
Fighting       | 4 6 8 10 11 | 11.9
Invocations    | 5 9 10 | 10.1
Evocations     | 6 |  6.7
Dodging        | 1 5 |  5.4
Shields        | |  3.6

Action                     |  1- 3 |  4- 6 |  7- 9 | 10-12 || total
---------------------------+-------+-------+-------+-------++-------
  Melee: War axe           |    40 |    24 |       |       ||    64
         Dagger            |       |   105 |   133 |   233 ||   471
 Invoke: Dark Bargain      |       |       |     2 |     4 ||     6
         Bind Soul         |       |       |       |     1 ||     1
  Evoke: Wand              |       |       |       |     8 ||     8
    Use: Scroll            |       |    12 |     3 |       ||    15
         Potion            |       |       |     2 |     5 ||     7
   Stab: Distracted        |       |       |       |     3 ||     3
         Paralysed         |       |       |       |     5 ||     5
 Armour: Scale mail        |    26 |    31 |    27 |    97 ||   181
  Dodge: Dodged            |    20 |    49 |    43 |   155 ||   267
  Block: Buckler           |     8 |    23 |    21 |    40 ||    92

Table legend: (Time is in decaauts)
 A = Elapsed time spent in this place.
 B = Non-inter-level travel time spent in this place.
 C = Inter-level travel time spent in this place.
 D = Time resting spent in this place.
 E = Time spent auto-exploring this place.
 F = Levels seen in this place.
 G = Mean time per level.
                   A        B        C        D        E       F      G
               +--------+--------+--------+--------+--------+-----+--------+
         Total |   2224 |   2205 |     19 |     15 |      0 |  13 |  171.1 |
       Dungeon |   1324 |   1305 |     19 |     15 |      0 |   8 |  165.5 |
          Lair |    641 |    641 |      0 |      0 |      0 |   4 |  160.2 |
       Ossuary |    258 |    258 |      0 |      0 |      0 |   1 |  258.0 |
               +--------+--------+--------+--------+--------+-----+--------+

Top non-repeatable levels by time:
     D:1: 342 daAuts
     D:8: 330 daAuts
  Lair:3: 286 daAuts
 Ossuary: 258 daAuts
  Lair:1: 204 daAuts
     D:2: 167 daAuts
     D:3: 161 daAuts
     D:5: 135 daAuts
  Lair:2: 131 daAuts
     D:7: 70 daAuts
     D:4: 64 daAuts
     D:6: 52 daAuts
  Lair:4: 18 daAuts
